General information
- name: Local Game (Asp_)
- type: Custom game
- host: Asp_
- saver: Asp_
map: TwistedMeadows
- players: 3
- length: 21:24
- speed: Fast
- version: 1.24 W3XP
- replay type: Public
» download(146 KB)
Players
team 1 (winner)
Josef_Fritzl (
pink | 96 APM | 2047 actions | 21:23)
5 Far Seer
3 Feral Spirit
2 Chain Lighting
6 Tauren Chieftain
2 Endurance Aura
3 Shockwave
1 Reincarnation
» actions
| Assign group hotkey | 144 | |
| Basic commands | 34 | |
| Build / train | 79 | |
| Enter build submenu | 46 | |
| Enter hero's abilities submenu | 12 | |
| Give item / drop item | 1 | |
| Remove unit from queue | 1 | |
| Right click | 612 | |
| Select / deselect | 429 | |
| Select group hotkey | 573 | |
| Use ability | 115 | |
2047 total
» units
| Peon | 16 | |
| Grunt | 5 | |
| Raider | 2 | |
| Goblin Shredder | 1 | |
| Troll Batrider | 10 | |
| Wind Rider | 6 | |
40 total
» upgrades
| Berserker Strength | 1 | |
| Ensnare | 1 | |
| Reinforced Defenses | 1 | |
| Envenomed Spears | 1 | |
| Liquid Fire | 1 | |
| Ranged Weapons | 1 | |
| Pulverize | 1 | |
7 total
» buildings
| Altar of Storms | 1 | |
| Orc Burrow | 7 | |
| Barracks | 1 | |
| Voodoo Lounge | 2 | |
| Stronghold | 1 | |
| War Mill | 1 | |
| Fortress | 1 | |
| Beastiary | 3 | |
| Watch Tower | 15 | |
| Tauren Totem | 1 | |
33 total
» build order
00:04 Altar of Storms
00:20 Orc Burrow
00:36 Barracks
01:32 Orc Burrow
02:14 Voodoo Lounge
02:17 Voodoo Lounge
02:53 Stronghold
03:28 War Mill
03:44 Orc Burrow
05:54 Fortress
05:58 Beastiary
06:23 Watch Tower
07:27 Orc Burrow
08:46 Watch Tower
08:47 Watch Tower
10:17 Watch Tower
10:28 Watch Tower
10:55 Watch Tower
11:29 Watch Tower
12:00 Beastiary
12:37 Watch Tower
12:46 Beastiary
12:48 Orc Burrow
12:51 Watch Tower
12:52 Orc Burrow
13:17 Watch Tower
13:36 Watch Tower
14:55 Orc Burrow
16:01 Watch Tower
16:05 Tauren Totem
18:16 Watch Tower
18:18 Watch Tower
19:54 Watch Tower
» items
| Lesser Clarity Potion | 4 | |
| Healing Salve | 6 | |
| Tiny Great Hall | 2 | |
| Scroll of Town Portal | 2 | |
| Potion of Lesser Invulnerability | 1 | |
| Dust of Appearance | 1 | |
16 total
team 2 (loser)
ghettooverlord (
dark-green | 153 APM | 3268 actions | 21:23)
5 Death Knight
3 Death Coil
1 Unholy Aura
1 Death Pact
1 Dreadlord
1 Carrion Swarm
1 Lich
1 Frost Nova
» actions
| Assign group hotkey | 222 | |
| Basic commands | 140 | |
| Build / train | 87 | |
| ESC pressed | 6 | |
| Enter build submenu | 29 | |
| Enter hero's abilities submenu | 7 | |
| Give item / drop item | 3 | |
| Right click | 1347 | |
| Select / deselect | 661 | |
| Select group hotkey | 664 | |
| Use ability | 96 | |
3268 total
» units
| Acolyte | 24 | |
| Ghoul | 17 | |
| Crypt Fiend | 3 | |
| Frost Wyrm | 3 | |
| Gargoyle | 2 | |
49 total
» upgrades
| Creature Attack | 1 | |
| Creature Carapace | 3 | |
| Ghoul Frenzy | 1 | |
| Burrow | 1 | |
| Web | 1 | |
7 total
» buildings
| Crypt | 2 | |
| Altar of Darkness | 2 | |
| Ziggurat | 13 | |
| Graveyard | 1 | |
| Nerubian Tower | 3 | |
| Necropolis | 2 | |
| Tomb of Relics | 1 | |
| Halls of the Dead | 1 | |
| Sacrificial Pit | 1 | |
| Spirit Tower | 7 | |
| Black Citadel | 1 | |
| Boneyard | 2 | |
36 total
» build order
00:21 Crypt
00:24 Altar of Darkness
00:25 Altar of Darkness
00:26 Ziggurat
01:15 Graveyard
01:56 Ziggurat
02:33 Nerubian Tower
02:54 Necropolis
03:27 Tomb of Relics
03:58 Halls of the Dead
06:08 Ziggurat
06:23 Sacrificial Pit
06:52 Ziggurat
06:53 Ziggurat
07:14 Ziggurat
07:48 Spirit Tower
07:52 Nerubian Tower
08:08 Spirit Tower
08:43 Black Citadel
09:24 Crypt
10:39 Ziggurat
10:40 Ziggurat
10:41 Ziggurat
11:13 Boneyard
11:14 Boneyard
11:53 Spirit Tower
12:42 Nerubian Tower
15:23 Necropolis
16:59 Spirit Tower
16:59 Spirit Tower
17:02 Ziggurat
17:02 Ziggurat
17:03 Ziggurat
18:12 Spirit Tower
18:12 Spirit Tower
18:46 Ziggurat
» items
| Rod of Necromancy | 2 | |
| Sacrificial Skull | 3 | |
| Orb of Corruption | 1 | |
| Scroll of Healing | 1 | |
7 total
refereesAsp_ Chat log
(00:12 / All) ghettooverlord: so how many towers
(00:15 / All) Josef_Fritzl: gl hf Pablo
(00:27 / All) Josef_Fritzl: how many towers?
(00:30 / All) ghettooverlord: how many
(00:33 / All) ghettooverlord: im just asking in advance
(00:35 / All) ghettooverlord: so i can quit accordingly
(00:48 / All) Josef_Fritzl: don't you mass towers yourself, Pablo?
(00:51 / All) Josef_Fritzl: with Undead?
(00:56 / All) ghettooverlord: not really no
(01:08 / All) ghettooverlord: flamestruck just whines
(02:39 / All) Josef_Fritzl: sub Pablo
(15:57 / All) ghettooverlord: brb
(15:58 / All) Josef_Fritzl: okay go
(20:28 / All) Josef_Fritzl: wanna fight?
(20:42 / All) ghettooverlord: not rly no
(21:04 / All) ghettooverlord: whatever
(21:05 / All) ghettooverlord: you happy now
(21:08 / All) Josef_Fritzl: got you good
(21:13 / All) ghettooverlord: whatever
(21:18 / All) ghettooverlord: still curious which one of the germans is playing